 Dungeon Crawl Stone Soup version 0.19-a0-1786-g230130f (webtiles) character file.

476 junb69 the Sneak (level 6, -1/34 HPs)
             Began as a Spriggan Abyssal Knight on Oct 3, 2016.
             Was a Priest of Lugonu.
             Slain by an iguana (12 damage)
             ... on level 4 of the Dungeon.
             The game lasted 00:15:34 (4963 turns).

junb69 the Sneak (Spriggan Abyssal Knight)          Turns: 4963, Time: 00:15:35

Health: -1/34      AC:  4    Str:  8    XL:     6   Next: 84%
Magic:  8/8        EV: 19    Int: 13    God:    Lugonu [***...]
Gold:   324        SH:  0    Dex: 16    Spells: 0 memorised, 5 levels left

rFire  . . .     SeeInvis +     m - +4 dagger
rCold  . . .     Gourm    .     b - +0 robe
rNeg   . . .     Faith    .     (shield restricted)
rPois  .         Spirit   .     (helmet restricted)
rElec  .         Dismiss  .     t - +1 cloak
rCorr  .         Reflect  .     (gloves unavailable)
MR     ++...     Harm     .     (boots unavailable)
Stlth  +++.......               (no amulet)
                                (no ring)
                                e - ring of protection from magic

@: very quick
A: unfitting armour, see invisible, herbivore 3, speed 3, slow metabolism 2,
weak 1
a: Depart the Abyss, Bend Space, Banish, Renounce Religion


You were on level 4 of the Dungeon.
You worshipped Lugonu.
Lugonu was most pleased with you.
You were not hungry.

You visited 1 branch of the dungeon, and saw 4 of its levels.
You visited the Abyss 1 time.
You also visited: Ossuary.

You collected 324 gold pieces.

Inventory:

Hand Weapons
 m - a +4 dagger (weapon)
Armour
 b - a +0 robe (worn)
 t - a +1 cloak (worn)
Jewellery
 e - a ring of protection from magic (left hand)
 y - an uncursed ring of see invisible {unknown}
Wands
 n - a wand of teleportation (1/9)
 o - a wand of paralysis (0/24)
 p - a wand of hasting (0/9)
 r - a wand of digging (16/24)
Scrolls
 g - 3 scrolls of amnesia
 l - 3 scrolls of remove curse
 x - a scroll of identify
Potions
 a - 3 potions of heal wounds {unknown}
 d - 6 potions of curing
 h - 2 potions of degeneration {unknown}
 i - a potion of resistance {unknown}
 j - a potion of invisibility {unknown}
 k - a potion of cure mutation {unknown}
 s - a potion of flight {unknown}
 u - 2 potions of might {unknown}
 v - a potion of ambrosia {unknown}
 w - a potion of agility {unknown}
Books
 f - a book of Cantrips

   Spells                             Type                      Level
   a - Confusing Touch                Hexes                        1
   b - Animate Skeleton               Necromancy                   1
   c - Summon Small Mammal            Summoning                    1
   d - Apportation                    Translocation                1
Comestibles
 c - 3 bread rations
 q - a slice of pizza


   Skills:
 * Level 4.7 Fighting
 * Level 4.6 Short Blades
 - Level 3.9 Dodging
 * Level 5.1 Stealth
 - Level 1.9 Invocations


You had 5 spell levels left.
You didn't know any spells.

Dungeon Overview and Level Annotations

Branches:
Dungeon (4/15)
 Temple: D:4-7

Altars:
Cheibriados
Elyvilon
Qazlal

Shops:
D:4 *

Annotations:
D:4 Duvessa


Innate Abilities, Weirdness & Mutations

You are very small and have problems with some larger weapons.
You are too small for most types of armour.
You have supernaturally acute eyesight. (SInv)
You are a herbivore.
You cover ground extremely quickly.
You need consume almost no food.
[You are weak. (Str -2)]


Message History

The iguana is severely wounded.
The iguana bites you.
You barely miss the iguana.
The iguana is severely wounded.
The iguana misses you.
You closely miss the iguana.
The iguana is severely wounded.
You closely miss the iguana.
The iguana is severely wounded.
The iguana closely misses you.
You closely miss the iguana.
The iguana is severely wounded.
The iguana closely misses you.
You hit the iguana.
The iguana is almost dead.
The iguana bites you!
You hit the iguana but do no damage.
The iguana is almost dead.
The iguana bites you!
You die...

#.........# #.....
#.≈.∩.≈.#.## #.###.
#........e.# #.....
#...§......# #..##.
##..........#####..##.
#..#####.##...........
#.# #.##.###.#..##.
####.######.##)# # #.
#. #.......@l...... #
#) #.########.......
## ####.#### #........
#..(.##.. ..###.#.##
#....##.# ## #.#.#
#...###.# #..#. ##(##
#.# #.####.###
#.##.....#


You could see an iguana.

Vanquished Creatures
  Dowan (D:4)
  A crimson imp (D:3)
  A quasit (Abyss:2)
  Jessica (D:2)
  Terence (D:3)
  2 worker ants (D:4)
  A big kobold zombie (Ossuary)
  Robin (D:2)
  2 mummies (Ossuary)
  2 gnolls (D:4)
  7 adders
  An ooze (D:4)
  4 adder zombies (Ossuary)
  A worm (D:3)
  2 dart slugs
  5 leopard geckos
  An orc (D:4)
  A ball python (D:1)
  9 bats
  5 giant cockroaches
  19 goblins
  8 hobgoblins
  7 kobolds
  3 quokkas
  5 frilled lizards
  3 gnoll zombies (Ossuary)
  6 hobgoblin zombies (Ossuary)
  2 kobold zombies (Ossuary)
  7 orc zombies (Ossuary)
  14 rats
123 creatures vanquished.

Notes
Turn   | Place    | Note
-------+----------+-------------------------------------------
     0 | Abyss:1  | junb69 the Spriggan Abyssal Knight began the quest for the Orb.
     0 | Abyss:1  | Reached XP level 1. HP: 11/11 MP: 3/3
    81 | Abyss:1  | Noticed an iron imp
   122 | Abyss:2  | Noticed a large abomination
   134 | Abyss:2  | Noticed a rust devil
   152 | Abyss:2  | Noticed a small abomination
   157 | Abyss:2  | Noticed a chaos spawn
   183 | Abyss:2  | Noticed a quasit
   208 | Abyss:2  | Killed a quasit
   208 | Abyss:2  | Reached XP level 2. HP: 13/16 MP: 4/4
   208 | Abyss:2  | Reached XP level 3. HP: 16/20 MP: 5/5
   217 | Abyss:2  | Noticed a large abomination
   217 | Abyss:2  | Noticed a wretched star
   220 | Abyss:2  | Noticed an ancient zyme
   252 | Abyss:2  | Noticed a large abomination
   253 | Abyss:2  | Found a corrupted altar of Lugonu.
   283 | Abyss:2  | Noticed a thrashing horror
   291 | D:1      | Escaped the Abyss
   729 | D:1      | Reached * piety under Lugonu
  1401 | D:2      | Reached XP level 4. HP: 24/24 MP: 6/6
  1419 | D:2      | Noticed Jessica
  1431 | D:2      | Found a stormy altar of Qazlal.
  1439 | D:2      | Killed Jessica
  1439 | D:2      | Reached skill level 1 in Stealth
  1534 | D:2      | Noticed Robin
  1958 | D:2      | Found a snail-covered altar of Cheibriados.
  1969 | D:2      | Found a white marble altar of Elyvilon.
  2045 | D:2      | Reached ** piety under Lugonu
  2129 | D:2      | Reached skill level 2 in Stealth
  2179 | D:2      | Killed Robin
  2179 | D:2      | Reached XP level 5. HP: 13/29 MP: 7/7
  2569 | D:3      | Noticed Terence
  2650 | D:3      | Killed Terence
  2650 | D:3      | Reached skill level 3 in Stealth
  3602 | D:3      | Reached XP level 6. HP: 33/33 MP: 8/8
  3730 | D:4      | Found a sand-covered staircase.
  3735 | Ossuary  | Entered an ossuary
  3759 | Ossuary  | Reached *** piety under Lugonu
  4126 | Ossuary  | Reached skill level 4 in Stealth
  4549 | D:4      | Found Rerot's Elemental Accessories.
  4551 | D:4      | Noticed Dowan
  4563 | D:4      | Noticed Duvessa
  4569 | D:4      | Killed Dowan
  4611 | D:4      | Reached skill level 5 in Stealth
  4963 | D:4      | Slain by an iguana

Vault maps used:
D:1:      eino_arrival_druids_welcome, dk_noncrumbling_4
D:2:      overflow_temple_1_default, amethyst_overflow_temple_binary,
          serial_bayou_pond_e, uniq_jessica, uniq_robin
D:3:      minmay_wonky_spiral, uniq_terence
D:4:      enter_ossuary_2, nicolae_elemental_shop, uniq_duvessa
Ossuary:  ossuary_tomb_2

Skill      XL: |  1  2  3  4  5  6 |
---------------+-------------------+-----
Fighting       | 3 4 |  4.7
Short Blades   | 3 4 |  4.6
Stealth        | 2 3 5 |  5.1
Dodging        | |  3.9
Invocations    | |  1.9

Action                   |  1- 3 |  4- 6 || total
-------------------------+-------+-------++-------
Melee: Short sword       |   135 |    22 ||   157
       Dagger            |       |   424 ||   424
Invok: Depart the Abyss  |     1 |       ||     1
Evoke: Wand              |       |     3 ||     3
  Use: Scroll            |     2 |    11 ||    13
       Potion            |     1 |     2 ||     3
 Stab: Distracted        |     1 |       ||     1
       Sleeping          |       |    20 ||    20
  Eat: Bread ration      |       |     1 ||     1
Armor: Robe              |    18 |    24 ||    42
Dodge: Dodged            |   138 |   262 ||   400
